 Dungeon Crawl Stone Soup version 0.30-b1-2-g02819fbbbe (webtiles) character file.

Game seed: 4002182500240992074

79 Arum the Trooper (level 4, 0/37 HPs)
             Began as a Formicid Fighter on May 10, 2023.
             Was an Initiate of Gozag.
             Slain by Jessica
             ... wielding a +7 club
              (9 damage)
             ... on level 3 of the Dungeon.
             The game lasted 00:01:56 (1650 turns).

Arum the Trooper (Formicid Fighter)                 Turns: 1650, Time: 00:01:56

Health: 0/37       AC:  7    Str: 23    XL:     4   Next: 62%
Magic:  4/4        EV:  9    Int:  7    God:    Gozag
Gold:   94         SH:  5    Dex: 13    Spells: 3/3 levels left

rFire   . . .        a - +0 quarterstaff
rCold   . . .        c - +0 buckler
rNeg    . . .        b - +0 scale mail
rPois   .            (helmet unavailable)
rElec   .            (no cloak)
rCorr   .            (no gloves)
SInv    +            (no boots)
Will    .....        (no amulet) Stlth
                     (no ring)
HPRegen 0.26/turn    (no ring)
MPRegen 0.09/turn

%: no passive effects
@: no status effects
A: permanent stasis, dig shafts and tunnels, antennae 3, four strong arms
a: Dig, Shaft Self, Renounce Religion, Potion Petition, Call Merchant, Bribe
Branch


You were on level 3 of the Dungeon.
You worshipped Gozag.
Gozag was noncommittal.
You visited 1 branch of the dungeon, and saw 3 of its levels.

You collected 139 gold pieces.
You paid 45 gold pieces to Gozag.

Inventory:

Hand Weapons
 a - a +0 quarterstaff (weapon)
 f - a +0 quarterstaff
Armour
 b - a +0 scale mail (worn)
 c - a +0 buckler (worn)
Scrolls
 g - 2 scrolls of immolation {unknown}
 i - 4 scrolls of identify {unknown}
 j - 2 scrolls of noise {unknown}
 k - a scroll of amnesia {unknown}
 l - a scroll of enchant weapon {unknown}
 m - a scroll of magic mapping {unknown}
 n - a scroll of poison {unknown}
Potions
 d - a potion of might
 e - 5 potions of curing {unknown}
 h - a potion of haste


   Skills:
 + Level 4.2 Fighting
 + Level 3.0 Staves
 + Level 4.1 Armour
 - Level 4.0 Shields


You had 3 spell levels left.
You didn't know any spells.
Your spell library was empty.

Dungeon Overview and Level Annotations

Branches:
Dungeon (3/15)

Altars:
Gozag

Annotations:
D:3 Jessica, Natasha


Innate Abilities, Weirdness & Mutations

You cannot be hasted, slowed, berserked, paralysed or teleported.
You can dig through walls and to a lower floor.
You have a pair of large antennae on your head. (SInv)
Your four strong arms can wield two-handed weapons with a shield.


Message History

Found a stone staircase leading down and a stone staircase leading up.
Found 19 gold pieces.
You now have 139 gold pieces (gained 19).
You open the gate.
Found a scroll labelled XEAKOF QUANULUESE.
Found an opulent altar of Gozag.
There is an open gate here.
g - 2 scrolls labelled XEAKOF QUANULUESE (gained 1)
There is an opulent altar of Gozag here.
You kneel at the altar of Gozag.
Gozag welcomes you!
You pay a service fee of 45 gold.
You hit the bush but do no damage.
There is an open gate here.
You hear the slow rusting of a very distant drain.
Found a stone staircase leading down.
Jessica the Apprentice Sorceress comes into view.
She is wielding a +7 club.
Jessica shouts!
You hear an angry hiss.
Jessica drinks a potion.
Jessica seems to speed up.
Jessica hits you with a +7 club.
You closely miss Jessica. Jessica closely misses you.
You barely miss Jessica. Jessica casts a spell at you.
Pain shoots through your body! Jessica casts a spell at you.
Pain shoots through your body!
Natasha, Servant of Life and Death comes into view.
She is carrying a wand of flame (20).
You hit Jessica.
Jessica is moderately wounded.
Jessica closely misses you.
Jessica points at you and mumbles some strange words.
Pain shoots through your body!
* * * LOW HITPOINT WARNING * * *
Natasha drinks a potion.
Natasha flickers and vanishes for a moment.
You hit Jessica.
Jessica is moderately wounded.
Jessica hits you with a +7 club!
You die...
Your body crumbles into a pile of gold.

#.P. #.PP # ##### #...
#. #...#######' # #.
#...#....... $ ..##..
#...#.####..
#...#.#######.....# #..
.......>........### #.#
...#..@........# #.#
.......@........# ####.#
................# #.....
................# #.#...
.................##.#.<.
$
...h................>...
##.####..#.......##.#...
.. #..........#......
..............


You could see Natasha (invisible) and Jessica (fast).

Vanquished Creatures
  Natasha (D:3)
  An adder (D:3)
  2 dart slugs
  An orc (D:3)
  5 ball pythons
  4 endoplasms
  A giant cockroach (D:1)
  2 goblins (D:2)
  2 hobgoblins (D:2)
  3 quokkas
  4 bats
  A frilled lizard (D:2)
  3 kobolds
  7 rats
37 creatures vanquished.

Notes
Turn   | Place    | Note
-------+----------+-------------------------------------------
     0 | D:1      | Arum the Formicid Fighter began the quest for the Orb.
     0 | D:1      | Reached XP level 1. HP: 18/18 MP: 1/1
   489 | D:1      | Reached XP level 2. HP: 22/24 MP: 2/2
  1024 | D:2      | Reached XP level 3. HP: 29/30 MP: 3/3
  1539 | D:3      | Noticed Natasha
  1544 | D:3      | Killed Natasha
  1545 | D:3      | Reached XP level 4. HP: 37/37 MP: 4/4
  1611 | D:3      | Found an opulent altar of Gozag.
  1621 | D:3      | Became a worshipper of Gozag Ym Sagoz the Greedy
  1643 | D:3      | Noticed Jessica
  1648 | D:3      | Noticed Natasha
  1650 | D:3      | Slain by Jessica

Illustrated notes

Levels and vault maps discovered:
D:1:      saegor_arrival_fortress, layout_basic, minmay_tree_intersection
D:2:      layout_rooms, chequers_serial_rivers_micro_a, chequers_mini_garden
D:3:      layout_rooms, mainiacjoe_overflow_alcove_4, old_standard_altar,
          mainiacjoe_overflow_alcove_1, gup_sewer_entry_spiral, uniq_natasha,
          uniq_jessica

Skill      XL: |  1  2  3  4 |
---------------+-------------+-----
Fighting       | 4 |  4.2
Armour         | 4 |  4.1
Staves         | 3 |  3.0
Shields        | |  4.0

Action                     |  1- 3 |  4- 6 || total
---------------------------+-------+-------++-------
  Melee: Quarterstaff      |   126 |    15 ||   141
 Armour: Scale mail        |    64 |     4 ||    68
  Dodge: Dodged            |    59 |     5 ||    64
  Block: Buckler           |    35 |     1 ||    36
